Map: Submarine LE

Players

ViBE - Winner!

  • Race: Terran Terran
  • League: Platinum
  • Spawn Location: 11:00

DrKrieger

  • Race: Terran Terran
  • League: Platinum
  • Spawn Location: 5:00

VOD

Have the link to the VOD?

Description

Time

  • Played on: April 3, 2021, 9:39 p.m.
  • Length: 14:55
Show
View Real Time Build Order
Export as new Build Order

ViBE Terran - Winner!

Build Orders:  

Get SALT Encoding   

  12  0:00  SCV  
  13  0:12  SCV  
  14  0:18  Supply Depot  
  14  0:24  SCV  
  15  0:39  SCV  
  15  0:41  Barracks  
  16  0:47  Refinery  
  16  0:52  SCV  
  17  1:04  SCV  
  18  1:17  SCV  
  19  1:31  Marine, Orbital Command  
  20  1:41  Command Center  
  20  1:49  Marine  
  20  1:53  Supply Depot  
  21  1:57  SCV  
  22  2:05  Factory  
  22  2:12  SCV  
  22  2:14  Barracks Reactor  
  22  2:25  SCV  
  24  2:37  SCV  
  24  2:49  SCV  
  24  2:53  Marine x2  
  24  2:54  Factory Tech Lab  
  24  2:58  Barracks  
  26  3:01  SCV  
  26  3:04  SCV  
  28  3:10  Marine  
  28  3:11  Marine  
  30  3:13  SCV  
  30  3:18  Orbital Command  
  31  3:21  Siege Tank  
  31  3:25  SCV  
  35  3:28  Refinery  
  35  3:34  Supply Depot  
  35  3:37  SCV  
  36  3:44  SCV  
  37  3:49  SCV  
  37  3:55  Barracks Tech Lab  
  38  3:56  SCV  
  38  3:59  Siege Tank  
  38  4:01  SCV  
  43  4:03  Marine x2  
  43  4:08  SCV  
  46  4:13  SCV  
  47  4:18  Marine  
  47  4:19  Starport  
  47  4:20  Marine, Supply Depot, SCV  
  50  4:26  SCV  
  50  4:27  Supply Depot  
  50  4:28  Supply Depot  
  51  4:32  SCV  
  51  4:38  Marine, SCV  
  53  4:41  Marine x2, Siege Tank  
  53  4:45  SCV, Supply Depot  
  60  4:50  SCV  
  61  4:57  SCV  
  62  5:02  SCV, Command Center  
  62  5:03  Stimpack  
  62  5:04  Marine  
  62  5:05  Marine  
  62  5:07  Marine  
  65  5:08  Starport Reactor  
  65  5:09  SCV  
  65  5:13  Refinery  
  67  5:14  SCV  
  67  5:15  Refinery  
  68  5:21  Engineering Bay  
  68  5:22  SCV, Engineering Bay  
  68  5:24  Marine  
  68  5:26  Marine, SCV  
  72  5:29  Marine  
  72  5:34  Supply Depot, SCV  
  74  5:39  SCV  
  71  5:45  Marine  
  71  5:46  Marine, SCV  
  71  5:47  Marine  
  70  5:50  Terran Infantry Armor Level 1, Terran Infantry Weapons Level 1  
  70  5:53  SCV  
  71  5:57  Medivac  
  71  5:59  SCV  
  74  6:05  SCV  
  74  6:11  SCV  
  76  6:12  Marine x3  
  76  6:14  Orbital Command  
  76  6:17  SCV  
  80  6:19  Barracks  
  80  6:20  Barracks  
  80  6:23  SCV  
  81  6:28  Armory  
  81  6:29  SCV, Medivac x2  
  81  6:32  Orbital Command  
  86  6:35  SCV  
  86  6:37  Marine  
  86  6:38  Marine x2  
  90  6:41  SCV  
  91  6:47  SCV  
  92  6:55  Marine  
  92  6:56  Marine x2, SCV  
  92  6:59  SCV  
  92  7:01  SCV  
  98  7:04  Command Center  
  98  7:08  SCV  
  97  7:11  SCV  
  97  7:13  Marine x2, SCV  
  95  7:19  Barracks Reactor x2  
  95  7:20  SCV  
  95  7:22  Terran Vehicle Weapons Level 1  
  91  7:23  SCV  
  91  7:25  SCV  
  93  7:32  SCV  
  93  7:35  SCV  
  95  7:37  SCV  
  95  7:43  Missile Turret  
  96  7:44  SCV  
  96  7:45  Missile Turret  
  96  7:46  Missile Turret  
  96  7:47  Marine x3, SCV  
  96  7:49  SCV, Terran Infantry Weapons Level 2, Terran Infantry Armor Level 2  
  102  7:56  SCV  
  103  7:58  Marine  
  103  7:59  Marine x3  
  103  8:00  SCV  
  103  8:01  SCV  
  109  8:06  Supply Depot  
  109  8:07  Supply Depot x2  
  109  8:12  Refinery  
  109  8:13  Refinery  
  109  8:16  Marine x4, Thor, Medivac, SCV x3  
  109  8:19  Supply Depot  
  124  8:20  Supply Depot  
  124  8:24  Command Center  
  124  8:27  Marine x2, Medivac  
  124  8:28  Marine, SCV x3  
  124  8:33  Marine x3  
  135  8:40  SCV x2  
  129  8:50  Marine x4  
  129  8:51  Marine x3  
  128  9:07  Planetary Fortress  
  128  9:08  SCV x3  
  129  9:10  Marine x7  
  129  9:11  Thor  
  129  9:12  Medivac x2  
  129  9:15  Missile Turret  
  146  9:17  Terran Vehicle Weapons Level 2  
  146  9:20  SCV x3  
  146  9:23  Barracks  
  149  9:25  Barracks  
  149  9:27  Barracks  
  149  9:28  Marine x2, Barracks  
  149  9:29  Marine x2  
  149  9:30  Marine x3  
  149  9:31  Combat Shield  
  156  9:34  SCV x3  
  159  9:45  Marine  
  159  9:52  Marine x6  
  161  9:53  Supply Depot x3  
  161  9:54  Medivac x2  
  161  9:59  Missile Turret  
  170  10:03  Marine, SCV x4  
  175  10:08  Terran Infantry Armor Level 3, Terran Infantry Weapons Level 3  
  175  10:10  Marine  
  176  10:15  Barracks Reactor x3  
  176  10:16  Barracks Reactor  
  176  10:17  SCV x2  
  176  10:18  SCV  
  179  10:23  Planetary Fortress  
  179  10:26  Command Center  
  179  10:33  Marine x7  
  179  10:35  Thor  
  186  10:36  Medivac  
  193  10:54  Marine x2  
  193  10:55  Marine  
  193  10:56  Marine x3  
  188  10:57  Marine x2  
  188  11:00  Command Center  
  188  11:03  SCV  
  188  11:04  SCV x2  
  175  11:05  SCV  
  175  11:08  Barracks  
  175  11:10  Barracks  
  163  11:12  Barracks  
  163  11:13  Marine, Barracks x2  
  163  11:14  Marine x9  
  163  11:15  Marine  
  163  11:16  Medivac x2  
  178  11:27  SCV x4  
  182  11:37  Terran Vehicle Weapons Level 3  
  182  11:39  SCV x2  
  172  11:41  Concussive Shells  
  172  11:42  Marine  
  172  11:43  Marine x13  
  172  11:44  SCV x2  
  172  11:46  Marine  
  187  11:51  SCV  
  187  11:56  SCV  
  188  12:02  Marine  
  188  12:03  Marine x11  
  196  12:36  Planetary Fortress  
  196  12:42  Missile Turret  
  196  12:44  Barracks Tech Lab  
  196  12:45  Barracks Tech Lab x2  
  196  12:46  Barracks Reactor, Barracks Tech Lab  
  196  12:48  Missile Turret  
  193  13:07  Marauder  
  193  13:09  Marine x10, Marauder x4  
  193  13:11  Thor  
  193  13:12  Medivac  
  197  13:18  Factory  
  197  13:19  Barracks, Starport  
  172  13:20  Barracks  
  165  13:27  Barracks  
  165  13:30  Marine x2, Marauder x4  
  165  13:31  Marine x14, Marauder  
  165  13:32  Medivac  
  192  13:41  Planetary Fortress  
  192  13:42  Medivac  
  192  13:48  Marine x7  
  191  13:58  Marine x3, Marauder x4  
  191  13:59  Starport Reactor  
  191  14:01  Factory Tech Lab  
  196  14:04  Marine x4  
  196  14:06  Barracks Reactor  
  196  14:07  Barracks Reactor  
  200  14:16  Barracks Reactor  
Show
View Real Time Build Order
Export as new Build Order

DrKrieger Terran 

Build Orders: Reaper Expand, Mech 

Get SALT Encoding   

  12  0:00  SCV  
  13  0:12  SCV  
  14  0:18  Supply Depot  
  14  0:24  SCV  
  15  0:40  SCV  
  16  0:42  Barracks  
  16  0:45  Refinery  
  16  0:52  SCV  
  17  1:04  SCV  
  18  1:16  SCV  
  19  1:29  Orbital Command  
  19  1:31  Reaper  
  20  1:41  Command Center  
  20  1:46  Refinery  
  20  1:57  SCV  
  21  2:01  Supply Depot  
  21  2:03  Marine  
  22  2:24  Marine, Factory  
  23  2:30  SCV  
  24  2:39  Barracks  
  24  2:42  Marine, SCV  
  26  3:10  SCV  
  27  3:19  Orbital Command  
  26  3:22  SCV  
  26  3:23  Refinery, Barracks Reactor  
  26  3:24  Factory Tech Lab  
  26  3:26  Barracks Tech Lab  
  27  3:34  Starport, Engineering Bay, SCV  
  28  3:43  Siege Tank  
  31  3:49  Refinery  
  31  3:51  Marauder  
  33  3:56  SCV x2  
  33  4:02  Terran Infantry Weapons Level 1  
  35  4:08  SCV, Engineering Bay  
  36  4:15  Liberator  
  39  4:20  Stimpack  
  39  4:21  Marine x2  
  41  4:26  SCV x2  
  43  4:38  SCV  
  44  4:40  SCV  
  45  4:47  Supply Depot x2  
  45  4:50  SCV  
  46  4:56  Terran Infantry Armor Level 1  
  46  5:04  Starport Reactor  
  46  5:08  SCV x2, Siege Tank  
  51  5:19  Supply Depot  
  51  5:20  SCV x2  
  53  5:23  Supply Depot  
  53  5:27  Armory  
  53  5:32  SCV x2  
  55  5:44  SCV x2  
  54  5:51  Liberator x2  
  54  5:57  SCV x2  
  62  5:58  Factory  
  62  6:02  Combat Shield  
  62  6:09  SCV x2  
  64  6:18  Command Center  
  64  6:19  Terran Vehicle Weapons Level 1  
  64  6:26  SCV x2  
  64  6:27  Marine x3  
  64  6:30  Siege Tank  
  72  6:38  SCV x2  
  74  6:43  Factory Tech Lab  
  74  6:45  Marine x2  
  76  6:50  SCV x2  
  76  6:51  Terran Infantry Weapons Level 2, Armory  
  78  7:13  Marine  
  78  7:14  SCV x2  
  78  7:20  Terran Infantry Armor Level 2  
  78  7:21  Marine x2  
  77  7:23  Factory  
  77  7:26  SCV  
  77  7:29  SCV  
  79  7:30  Planetary Fortress  
  79  7:31  Marine  
  79  7:36  Refinery  
  80  7:38  SCV  
  80  7:39  Marine x2  
  80  7:40  Terran Vehicle And Ship Armor Level 1  
  80  7:41  SCV  
  84  7:49  Marine  
  84  7:50  Medivac  
  87  7:57  Marine x2  
  89  8:02  Refinery  
  89  8:08  Command Center  
  89  8:15  SCV x2  
  89  8:16  SCV  
  92  8:25  Factory Tech Lab  
  92  8:27  SCV  
  92  8:34  Command Center  
  93  8:35  Supply Depot  
  93  8:36  Supply Depot  
  93  8:37  Supply Depot x2  
  93  8:38  Thor, Supply Depot  
  98  8:47  Missile Turret  
  98  8:48  Missile Turret  
  98  8:54  Thor  
  99  8:58  SCV x3  
  99  9:02  Supply Depot  
  99  9:10  SCV x3  
  102  9:17  Thor  
  102  9:20  Thor  
  102  9:22  SCV x2  
  116  9:24  Command Center  
  116  9:31  Marine  
  116  9:32  Marine x2  
  116  9:35  Concussive Shells  
  116  9:37  Thor  
  125  9:38  Terran Vehicle And Ship Armor Level 2  
  125  9:39  Terran Vehicle Weapons Level 2  
  125  9:48  Planetary Fortress  
  125  9:49  Marine x2  
  127  9:54  Refinery  
  127  10:10  Thor x2  
  127  10:11  Marine x2  
  127  10:12  Marine  
  142  10:16  Refinery  
  142  10:19  Barracks  
  142  10:20  Barracks x2  
  142  10:29  Marine x3  
  145  10:41  Planetary Fortress  
  145  10:47  Marine, Refinery  
  136  10:57  Thor x3  
  140  11:07  Marine  
  140  11:08  Marine x2  
  112  11:12  Refinery  
  112  11:20  Barracks Reactor  
  112  11:21  Barracks Reactor x2  
  112  11:25  Marine x2  
  112  11:26  Marine  
  115  11:33  Terran Infantry Weapons Level 3, Factory  
  115  11:39  Thor x2  
  101  11:40  Widow Mine  
  105  12:02  Marine x4  
  105  12:03  Marine x5  
  105  12:08  Medivac x2  
  118  12:20  Marine x5, Siege Tank  
  118  12:21  Marine x4  
  130  12:22  Siege Tank  
  130  12:23  Siege Tank  
  136  12:38  Marine x2, Medivac x2, Command Center  
  138  12:58  Siege Tank x3  
  147  13:08  Medivac x2  
  84  13:30  Siege Tank x3  
  93  13:38  Medivac  
  90  14:02  Thor x3  
  104  14:27  Command Center  
  104  14:29  SCV x2  
  104  14:41  SCV x2  
Tags
 
Composition
Mech
Matchup
TvT
Player
ViBE
Race
Terran
Replay Pack
Platinum_League
Spawn Locations
Cross Positions
Add a new tag
Caveats
  • Supply blocks, unpowered buildings, or Contaminate may cause inaccurate times.
  • Supply counts are checked every 10 seconds.